 Dungeon Crawl Stone Soup version 0.31.0-32-g396128a36d (webtiles) character file.

Game seed: 2016064262422554288

25695 Amplified the Fighter (level 12, -1/101 HPs)
             Began as a Minotaur Fighter on Mar 16, 2024.
             Was an Elder of Hepliaklqana.
             Slain by a sixfirhy (4 damage)
             ... summoned by an orc sorcerer
             ... on level 2 of the Orcish Mines.
             The game lasted 00:15:17 (13094 turns).

Amplified the Fighter (Minotaur Fighter)           Turns: 13094, Time: 00:15:18

Health: -1/101     AC: 21    Str: 26    XL:     12   Next: 91%
Magic:  17/18      EV: 10    Int:  5    God:    Hepliaklqana [****..]
Gold:   863        SH: 11    Dex: 10    Spells: 19/21 levels left

rFire   . . .        n - +1 morningstar (protect)
rCold   . . .        c - +0 buckler
rNeg    + . .        M - +0 scale mail {rN+}
rPois   .            e - +2 hat
rElec   .            E - +0 cloak
rCorr   +            a - +2 pair of gloves
SInv    +            (no boots)
Will    .....        q - amulet of reflection Stlth
                     d - ring of see invisible
HPRegen 0.36/turn    g - ring of resist corrosion
MPRegen 0.16/turn

%: reflection
@: about to teleport, spiked, under a protective aura
A: reduced essence, horns 2, retaliatory headbutt
a: Renounce Religion, Recall Ancestor, Ancestor Identity, Transference, Idealise


You were on level 2 of the Orcish Mines.
You worshipped Hepliaklqana.
Hepliaklqana was greatly pleased with you.
You visited 2 branches of the dungeon, and saw 14 of its levels.

You collected 1493 gold pieces.
You spent 630 gold pieces at shops.

Inventory:

Hand Weapons
 n - a +1 morningstar of protection (weapon)
 v - the +6 quarterstaff of Duty {spect, Dex+3}
   (You found it on level 7 of the Dungeon)

   Dex+3:     It affects your dexterity (+3).
Missiles
 s - 33 poisoned darts
 J - 2 throwing nets (quivered)
Armour
 a - a +2 pair of gloves (worn)
 c - a +0 buckler (worn)
 e - a +2 hat (worn)
 u - +0 acid dragon scales
 E - a +0 cloak (worn)
 M - a +0 scale mail of positive energy (worn)
Jewellery
 d - a ring of see invisible (left hand)
 g - a ring of resist corrosion (right hand)
 q - an amulet of reflection (around neck)
 x - an amulet of regeneration
Wands
 m - a wand of polymorph (18)
 p - a wand of roots (16)
 w - a wand of digging (10)
 y - a wand of mindburst (10)
Scrolls
 i - 3 scrolls of poison
 j - 5 scrolls of revelation
 l - 5 scrolls of amnesia
 o - 2 scrolls of noise
 r - 3 scrolls of identify
 t - 3 scrolls of teleportation
 A - a scroll of brand weapon
 C - a scroll of vulnerability
 F - a scroll of immolation
Potions
 f - a potion of attraction
 h - 3 potions of curing
 z - a potion of ambrosia
 B - 2 potions of mutation
 D - a potion of brilliance {unknown}
 G - a potion of enlightenment {unknown}
 H - a potion of berserk rage {unknown}
 I - 2 potions of invisibility {unknown}
 K - 2 potions of haste {unknown}
 L - a potion of magic {unknown}


   Skills:
 * Level 12.7 Fighting
 * Level 12.5 Maces & Flails
 - Level 6.6 Armour
 - Level 12.0 Shields
 - Level 5.2 Spellcasting
 * Level 6.1 Translocations
 * Level 6.5 Invocations


You had 19 spell levels left.
You knew the following spells:

 Your Spells              Type           Power      Damage    Failure   Level
a - Lesser Beckoning      Tloc           14%        N/A       9%          2

Your spell library contained the following spells:

 Spells                   Type           Power      Damage    Failure   Level
 Gell's Gravitas          Tloc           7%         N/A       19%         3
 Teleport Other           Tloc           7%         N/A       19%         3
 Sandblast                Erth           2%         2d4       58%         1
 Dazzling Flash           Conj/Hex       2%         N/A       92%         3
 Mephitic Cloud           Conj/Alch/Air  1%         N/A       92%         3
 Passwall                 Erth           1%         N/A       92%         3
 Stone Arrow              Conj/Erth      2%         3d7       92%         3
 Brom's Barrelling Bould  Conj/Erth      1%         2d3       100%        4
 Alistair's Intoxication  Alch           0%         N/A       100%        5
 Borgnjor's Vile Clutch   Necr/Erth      0%         N/A       100%        5
 Curse of Agony           Necr           1%         N/A       100%        5
 Fireball                 Conj/Fire      0%         3d3       100%        5
 Iskenderun's Battlesphe  Conj           1%         2d6       100%        5
 Silence                  Hex/Air        0%         N/A       100%        5
 Conjure Ball Lightning   Conj/Air       0%         3x3d6     100%        6
 Eringya's Noxious Bog    Alch           0%         4d6       100%        6
 Orb of Destruction       Conj           0%         9d5       100%        7


Dungeon Overview and Level Annotations

Branches:
Dungeon (12/15)            Temple (0/1) D:6            Lair (0/5) D:11
    Orc (2/2) D:10
    Elf: Orc:2

Altars:
Dithmenos
Fedhas
Gozag
Hepliaklqana
Kikubaaqudgha
Uskayaw
Vehumet
The Shining One

Shops:
D:4 (   D:12 ?   Orc:1 :*   Orc:2 =

Annotations:
D:9 1 runed translucent door, Sheol's ghost, novice HOFi
D:11 1 runed translucent door
Orc:1 Good books
Orc:2 1 runed translucent door, nitefall's ghost, journeyman MiBe


Innate Abilities, Weirdness & Mutations

Your life essence is reduced to manifest your ancestor. (-10% HP)
You have a pair of horns on your head.
You reflexively headbutt those who attack you in melee.


Message History

Unknown command.
You feel better.
The orc sorcerer casts a spell.
You feel better. The orc sorcerer casts a spell at you.
The bolt of fire hits you!!
* * * LOW HITPOINT WARNING * * *
You hear a shout!
Unknown command.
As you read the scroll of teleportation, it crumbles to dust.
You feel strangely unstable.
Unknown command.
You feel better.
The red devil disappears in a puff of smoke!
Unknown command.
Aiming: Mindburst
Press: ? - help, Shift-Dir - straight line, f - orc sorcerer
Aim: an orc sorcerer, wielding a +0 dagger and wearing a +0 robe (grey smoke, almost dead, fleeing, chance to affect: 47%)
Your attack snaps the orc sorcerer out of its fear.
The orc sorcerer's mind is blasted!
You blow up the orc sorcerer!
You block the sun demon's attack.
Unknown command.
Unknown command.
You feel better. You block the sixfirhy's attack.
You block the sun demon's attack. The sixfirhy misses you.
Unknown command.
Unknown command.
You bludgeon the orc wizard!!
Your weapon exudes an aura of protection.
You kill the orc wizard!
The sixfirhy closely misses you. You block the sixfirhy's attack.
The sixfirhy hits you. The sixfirhy shocks you!
* * * LOW HITPOINT WARNING * * *
The sun demon hits you!
* * * LOW HITPOINT WARNING * * *
You are engulfed in flames!
* * * LOW HITPOINT WARNING * * *
The sixfirhy hits you.
You die...

# ≈§≈≈§≈≈≈§≈§≈ #
O........o.. #
.......§.. # ...8.... #
#....§# #≈)).≈# #§.o.§#
##≈33)≈## #§§§@)≈≈#
###≈§§..≈≈### #
#§≈≈§§.)≈≈≈≈###§≈
≈≈≈##≈...§##≈≈≈≈§
≈≈≈§##≈...≈##≈≈≈≈§ # ##
#§≈.....§≈# ## # ##
##.........## # .##
##.##o....##.## ### ##
..#
#..##.....##..###.#####.


You could see a sun demon (summoned), a sixfirhy (summoned), an orc sorcerer, an
ogre (fleeing) and 2 orc wizards.

Vanquished Creatures
  Erica (D:11)
  2 two-headed ogres
  2 boulder beetles
  An occultist (D:12)
  A deep elf pyromancer (D:12)
  3 orc sorcerers
  A cyclops (D:12)
  3 ugly things
  3 gargoyles
  An unseen horror (D:10)
  3 red devils (D:11)
  3 trolls
  3 wraiths
  9 yaks
  2 steam dragons (D:9)
  6 vampire mosquitoes
  An acid dragon (D:11)
  A water moccasin (D:7)
  15 orc warriors
  A sky beast (D:7)
  2 ice beasts
  A black bear (D:7)
  4 ogres
  4 centaurs
  A wolf (D:4)
  2 kobold brigands
  A phantom (D:4)
  7 bullfrogs
  A scorpion (D:7)
  8 wights (D:8)
  4 killer bees (D:9)
  3 bombardier beetles
  2 hounds
  3 gnoll boudas
  5 jellies
  13 orc priests
  3 iguanas
  18 orc wizards
  12 gnolls
  6 adders
  2 shadow imps
  A white imp (D:7)
  An ufetubus (D:6)
  A dart slug (D:3)
  2 ribbon worms (D:2)
  34 orcs
  6 ball pythons
  5 endoplasms
  3 giant cockroaches
  5 goblins
  5 hobgoblins
  2 jackals (D:1)
  3 quokkas
  2 bats (D:1)
  4 frilled lizards
  13 kobolds
  3 rats
254 creatures vanquished.

Vanquished Creatures (collateral kills)
  Gastronok (D:9)
  Josephine (Orc:1)
  Erolcha (Orc:1)
  An ogre mage (Orc:2)
  A two-headed ogre (D:9)
  A tengu warrior (D:12)
  A manticore (D:10)
  A kobold blastminer (Orc:1)
  An unseen horror (D:11)
  A kobold demonologist (D:11)
  2 trolls
  3 wraiths
  5 yaks
  A warg (D:10)
  4 vampire mosquitoes
  An acid dragon (D:11)
  An orc warrior (Orc:1)
  3 ogres
  A centaur (D:9)
  A scorpion (D:6)
  A killer bee (D:9)
  An orc priest (D:8)
  2 sleepcaps
  4 orc wizards
  2 adders
  An ufetubus (D:6)
  13 orcs
  A goblin (D:4)
  4 kobolds
61 creatures vanquished.

Vanquished Creatures (others)
  An orc wizard (Orc:1)
  7 hexers
  An orc (Orc:2)
9 creatures vanquished.

Grand Total: 324 creatures vanquished

Notes
Turn   | Place    | Note
-------+----------+-------------------------------------------
     0 | D:1      | Amplified the Minotaur Fighter began the quest for the Orb.
     0 | D:1      | Reached XP level 1. HP: 19/19 MP: 0/0
    79 | D:1      | Reached XP level 2. HP: 27/27 MP: 1/1
   322 | D:1      | Reached XP level 3. HP: 33/33 MP: 2/2
   862 | D:2      | Found a faded altar of an unknown god.
   875 | D:2      | Prayed at the altar of an unknown god.
   875 | D:2      | Became a worshipper of Hepliaklqana the Forgotten
   875 | D:2      | Reached * piety under Hepliaklqana
   919 | D:2      | Reached XP level 4. HP: 35/36 MP: 3/3
  1255 | D:3      | Found an opulent altar of Gozag.
  1419 | D:3      | Found a shadowy altar of Dithmenos.
  1765 | D:4      | Reached ** piety under Hepliaklqana
  1766 | D:4      | Remembered your ancestor Servia as a hexer
  1800 | D:4      | Reached XP level 5. HP: 39/42 MP: 4/4
  1949 | D:4      | Reached skill level 1 in Invocations
  2058 | D:4      | Found Feidisur's Weapon Boutique.
  2065 | D:4      | Bought a +0 morningstar of protection for 95 gold pieces
  2143 | D:4      | Noticed Eustachio
  2147 | D:4      | Eustachio changed into Eustachio the wolf
  2147 | D:4      | Noticed Eustachio
  2150 | D:4      | Killed Eustachio the wolf
  2151 | D:4      | Reached skill level 5 in Fighting
  2151 | D:4      | Reached skill level 5 in Shields
  2367 | D:5      | Entered Level 5 of the Dungeon
  2462 | D:5      | Noticed an ogre
  2468 | D:5      | Killed an ogre
  2469 | D:5      | Reached XP level 6. HP: 50/50 MP: 6/6
  2491 | D:5      | Noticed a yak
  2492 | D:5      | Noticed a yak
  2501 | D:5      | Noticed a yak
  2594 | D:5      | Learned a level 2 spell: Lesser Beckoning
  2596 | D:5      | Reached skill level 5 in Maces & Flails
  2596 | D:5      | Reached XP level 7. HP: 55/55 MP: 6/8
  2689 | D:5      | Reached *** piety under Hepliaklqana
  2751 | D:5      | Reached skill level 5 in Armour
  2826 | D:5      | Killed a yak
  2961 | D:6      | Found a staircase to the Ecumenical Temple.
  3110 | D:6      | Reached XP level 8. HP: 47/63 MP: 9/9
  3405 | D:6      | Found a glowing golden altar of the Shining One.
  3405 | D:6      | Found an ancient bone altar of Kikubaaqudgha.
  4430 | D:7      | Reached skill level 5 in Invocations
  4486 | D:7      | Reached **** piety under Hepliaklqana
  4521 | D:7      | Reached XP level 9. HP: 72/72 MP: 11/11
  4524 | D:7      | Identified the +6 quarterstaff of Duty {spect, Dex+3}
  4752 | D:7      | Noticed a gargoyle
  4786 | D:7      | Killed a gargoyle
  4869 | D:7      | Found an ancient bone altar of Kikubaaqudgha.
  5057 | D:7      | Found a blossoming altar of Fedhas.
  5057 | D:7      | Noticed a two-headed ogre
  5064 | D:7      | Killed a two-headed ogre
  5065 | D:7      | Reached skill level 1 in Spellcasting
  5065 | D:7      | Reached skill level 1 in Translocations
  5580 | D:8      | Reached XP level 10. HP: 66/81 MP: 13/13
  6658 | D:9      | Found a hide-covered altar of Uskayaw.
  7111 | D:9      | Noticed Gastronok
  7124 | D:9      | Killed Gastronok
  7125 | D:9      | Reached skill level 10 in Fighting
  7125 | D:9      | Reached skill level 10 in Shields
  7175 | D:9      | Noticed a two-headed ogre
  7183 | D:9      | Killed a two-headed ogre
  7421 | D:9      | Found a runed translucent door.
  7421 | D:9      | Noticed Sheol's ghost (novice HOFi)
  7827 | D:10     | Entered Level 10 of the Dungeon
  7918 | D:10     | Reached XP level 11. HP: 90/90 MP: 14/14
  8285 | D:10     | Reached skill level 10 in Maces & Flails
  8681 | D:10     | Found a staircase to the Orcish Mines.
  8787 | D:11     | Found a staircase to the Lair.
  9031 | D:11     | Noticed Erica
  9042 | D:11     | Killed Erica
  9600 | D:11     | Noticed a red ugly thing
  9611 | D:11     | Killed a red ugly thing
  9992 | D:11     | Noticed a boulder beetle
 10023 | D:11     | Killed a boulder beetle
 10214 | D:11     | Noticed an ice dragon
 10214 | D:11     | Noticed a phantasmal warrior
 10215 | D:11     | Found a runed translucent door.
 10217 | D:11     | Noticed a wolf spider
 10217 | D:11     | Noticed a flayed ghost
 10217 | D:11     | Noticed a phantasmal warrior
 10217 | D:11     | Noticed a deep elf knight
 10217 | D:11     | Noticed a fire dragon
 10217 | D:11     | a snapping turtle changed into an orb spider
 10217 | D:11     | Noticed an orb spider (glowing shapeshifter)
 10468 | D:12     | Reached ***** piety under Hepliaklqana
 10587 | D:12     | Reached XP level 12. HP: 58/99 MP: 17/17
 10786 | D:12     | Found Woal's Magic Scroll Emporium.
 10789 | D:12     | Bought a scroll of enchant armour for 112 gold pieces
 10789 | D:12     | Bought a scroll of teleportation for 45 gold pieces
 10789 | D:12     | Bought a scroll of revelation for 112 gold pieces
 10789 | D:12     | Bought a scroll of revelation for 112 gold pieces
 11075 | D:12     | Reached skill level 5 in Translocations
 11086 | D:12     | Noticed a tengu warrior
 11099 | D:12     | Killed a tengu warrior
 11212 | D:12     | Noticed a boulder beetle
 11224 | D:12     | Killed a boulder beetle
 11397 | D:12     | Noticed a death knight
 11479 | Orc:1    | Entered Level 1 of the Orcish Mines
 11825 | Orc:1    | Found Woddosas's General Store.
 11838 | Orc:1    | Bought a scroll of teleportation for 42 gold pieces
 11838 | Orc:1    | Found Cuhaosa's Self-Improvement Boutique.
 11840 | Orc:1    | Bought a +0 scale mail of positive energy for 112 gold
                  | pieces
 11943 | Orc:1    | Noticed Josephine
 11952 | Orc:1    | Killed Josephine
 11953 | Orc:1    | Reached skill level 5 in Spellcasting
 11953 | Orc:1    | Noticed Erolcha
 11972 | Orc:1    | Killed Erolcha
 12273 | Orc:1    | You fall into a shaft and drop 1 floor!
 12273 | Orc:2    | Entered Level 2 of the Orcish Mines
 12273 | Orc:2    | Noticed an ogre mage
 12273 | Orc:2    | Found a radiant altar of Vehumet.
 12273 | Orc:2    | Found Rolykh's Jewellery Boutique.
 12279 | Orc:2    | Noticed a two-headed ogre
 12598 | Orc:2    | Killed a two-headed ogre
 12959 | Orc:2    | Found a runed translucent door.
 12960 | Orc:2    | Noticed nitefall's ghost (journeyman MiBe)
 13066 | Orc:2    | Noticed an ogre mage
 13077 | Orc:2    | Killed an ogre mage
 13094 | Orc:2    | HP: 3/101 [sun demon[an orc sorcerer] (11)]
 13094 | Orc:2    | Slain by a sixfirhy

Illustrated notes

Levels and vault maps discovered:
D:1:      scummos_arrival_checkerplants, layout_basic, chequers_avenue
D:2:      layout_loops_ring, basic_ecumenical_altar, kennysheep_generic_room_8
D:3:      layout_rooms, nicolae_dithmenos_the_darkroom,
          nicolae_gozag_cash_rules_everything_around_me, dk_noncrumbling_3,
          feat_on_display
D:4:      layout_basic, serial_shops, nicolae_shop_behind_doors,
          minmay_misc_feat_roman, minmay_misc_feat_iff,
          small_statue_intersection, serial_bayou_lake_a, uniq_eustachio
D:5:      layout_basic, minmay_misc_feat_tiny
D:6:      layout_basic, gammafunk_temple_overflow_statue, temple_fountains
D:7:      layout_basic, nrook_loot_triangle, st_stairs_7, grunt_ministairs_14,
          hangedman_feature_mirror, chequers_serial_rivers_micro_c,
          chequers_jeans
D:8:      layout_basic
D:9:      layout_loops_ring, mainiacjoe_overflow_paths, gammafunk_ghost_grave,
          uniq_gastronok
D:10:     layout_loops_cross, orc_0_dummy
D:11:     minmay_gate_of_8, layout_layer_cave, lair_entry_dummy,
          serial_library_hellmonk_junction, serial_park_tiny_1,
          einodemon_armed_red_devil_minivault, uniq_erica
D:12:     layout_basic, serial_shops, kennysheep_mini,
          chequers_serial_rivers_room_a, minmay_shattered_shrine
Orc:1:    layout_caves, serial_shops, nicolae_shop_advertising_works
          [nicolae_subvault_shop_adworks], nicolae_shop_self_help,
          uniq_josephine, uniq_urug, uniq_erolcha
Orc:2:    kennysheep_orc_mage_school, layout_diamond_mine,
          ebering_ghost_inner_flame, basic_altar, mines1_david

Skill      XL: |  1  2  3  4  5  6  7  8  9 10 11 12 |
---------------+-------------------------------------+-----
Fighting       | 4 5 6 7 9 10 11 12 | 12.7
Maces & Flails | 3 4 5 7 8 9 11 12 | 12.5
Shields        | 4 5 6 7 8 10 11 12 | 12.0
Armour         | 4 5 6 |  6.6
Invocations    | 2 3 5 6 |  6.5
Spellcasting   | 1 3 4 5 |  5.2
Translocations | 1 3 4 6 |  6.1

Action                     |  1- 3 |  4- 6 |  7- 9 | 10-12 || total
---------------------------+-------+-------+-------+-------++-------
  Melee: Flail             |    68 |    52 |       |       ||   120
         Headbutt          |    12 |    14 |    28 |    81 ||   135
         Morningstar       |       |    35 |   190 |   475 ||   700
  Throw: Throwing net      |       |       |       |     2 ||     2
   Cast: Lesser Beckoning  |       |       |     1 |     3 ||     4
 Invoke: Ancestor Life: He |       |     1 |       |       ||     1
         Recall Ancestor   |       |       |     1 |     1 ||     2
         Idealise          |       |       |       |     5 ||     5
  Evoke: Wand              |       |     2 |     6 |    11 ||    19
    Use: Scroll            |     7 |     1 |     4 |    13 ||    25
         Potion            |       |     1 |     2 |     7 ||    10
   Stab: Confused          |       |     1 |     5 |     7 ||    13
         Paralysed         |       |       |     3 |     2 ||     5
         Distracted        |       |       |     3 |     1 ||     4
 Armour: Scale mail        |    36 |    58 |    71 |   316 ||   481
         Skin              |       |       |    14 |     3 ||    17
  Dodge: Dodged            |    36 |    28 |    54 |   155 ||   273
  Block: Buckler           |    18 |    11 |    59 |   268 ||   356
         Reflection        |       |       |     7 |     9 ||    16
